 Dungeon Crawl Stone Soup version 0.31-a0-1068-g5939ac1fb6 (webtiles) character file.

Game seed: 11164843733283037684

275 Dirtsage the Slasher (level 6, 34/47 HPs)
             Began as a Demonspawn Monk on Nov 24, 2023.
             Quit the game on level 4 of the Dungeon.
             The game lasted 00:04:07 (2022 turns).

Dirtsage the Slasher (Demonspawn Monk)              Turns: 2022, Time: 00:04:07

Health: 34/47      AC:  7    Str: 11    XL:     6   Next: 3%
Magic:  6/6        EV: 11    Int: 12    God:
Gold:   263        SH:  0    Dex: 17    Spells: 5/5 levels left

rFire   . . .        e - +0 long sword
rCold   . . .        d - orb {light}
rNeg    . . .        k - +0 ring mail
rPois   .            (no helmet)
rElec   .            r - +0 cloak
rCorr   .            (no gloves)
SInv    .            q - +0 pair of boots
Will    .....        (no amulet)
Stlth   +            (no ring)
HPRegen 0.27/turn    (no ring)
MPRegen 0.20/turn

%: no passive effects
@: glowing
A: spiny 2, magic regeneration
a: no special abilities


You were on level 4 of the Dungeon.
You visited 1 branch of the dungeon, and saw 4 of its levels.

You collected 263 gold pieces.

Inventory:

Hand Weapons
 a - a +0 falchion
 e - a +0 long sword (weapon)
Armour
 b - a +0 robe
 d - an orb of light (worn)
 k - a +0 ring mail (worn)
 q - a +0 pair of boots (worn)
 r - a +0 cloak (worn)
 s - a +0 pair of gloves
 t - a +0 pair of gloves
Wands
 v - a wand of paralysis (5)
Scrolls
 f - 4 scrolls of identify {unknown}
 h - a scroll of poison {unknown}
 j - a scroll of enchant weapon {unknown}
 l - 2 scrolls of immolation {unknown}
 m - a scroll of teleportation {unknown}
 p - 2 scrolls of vulnerability {unknown}
 u - a scroll of brand weapon {unknown}
Potions
 c - a potion of ambrosia
 g - a potion of might {unknown}
 i - 3 potions of degeneration {unknown}
 n - 2 potions of brilliance {unknown}
 o - a potion of lignification {unknown}
 w - a potion of curing {unknown}


   Skills:
 - Level 3.0 Fighting
 * Level 6.2 Long Blades
 - Level 2.6 Dodging


You had 5 spell levels left.
You didn't know any spells.
Your spell library contained the following spells:

 Spells                   Type           Power      Damage    Failure   Level
 Kiss of Death            Conj/Necr      0%         2d5       63%         1
 Sting                    Tmut/Pois      0%         1d3       63%         1
 Poisonous Vapours        Pois/Air       0%         N/A       77%         2
 Static Discharge         Conj/Air       0%         3-3/arc   77%         2
 Confusing Touch          Hex            0%         N/A       94%         3
 Airstrike                Air            0%         2d(0-16)  100%        4
 Dispel Undead            Necr           0%         3d6       100%        4
 Olgreb's Toxic Radiance  Pois           0%         N/A       100%        4
 Summon Lightning Spire   Summ/Air       0%         N/A       100%        4


Dungeon Overview and Level Annotations

Branches:
Dungeon (4/15)
 Temple: D:4-7

Altars:
Qazlal


Innate Abilities, Weirdness & Mutations

You are mostly covered in sharp spines.
You regenerate magic rapidly.


Message History

You hit the phantom.
The phantom is severely damaged.
The phantom hits you but does no damage.
You hit the phantom but do no damage.
The phantom is severely damaged.
The phantom barely misses you.
You barely miss the phantom.
The phantom is severely damaged.
The phantom is struck by your spines. The phantom closely misses you.
The dart slug bites you but does no damage.
You completely miss the phantom.
The phantom is almost destroyed.
The phantom barely misses you.
You closely miss the phantom.
The phantom is almost destroyed.
The phantom hits you. The dart slug launches a dart at you.
The slug dart hits you but does no damage.
You take 2 damage, and have 27/41 hp.
You slash the phantom!
You destroy the phantom!
The dart slug barely misses you.
Your Long Blades skill increases to level 6!
You have reached level 6!
You regained 5 hp, and now have 32/47 hp.
MP restored: 6 You hit the dart slug.
The dart slug is lightly wounded.
The dart slug is struck by your spines. The dart slug barely misses you.
You hit the dart slug but do no damage.
The dart slug is severely wounded.
The dart slug bites you but does no damage.
You hit the dart slug but do no damage.
The dart slug is severely wounded.
You hit the dart slug but do no damage.
The dart slug is severely wounded.
The dart slug barely misses you.
You hit the dart slug.
You kill the dart slug!
Are you sure you want to abandon this character and quit the game? (Confirm with "yes".)

##.
...#######
#.......#
#.......#
#.......#
#.<.....# ##
#.......# ...
#.......#
....
#.....@.#
....
#.......###
....
#............
....
##......####.
##+#
##........
#.#######
########.#
.........#
.........#


There were no monsters in sight!

Vanquished Creatures
  A phantom (D:4)
  Crazy Yiuf (D:2)
  Jessica (D:2)
  Ijyb (D:3)
  Terence (D:2)
  3 adders
  3 dart slugs
  An orc (D:2)
  3 ball pythons (D:1)
  2 bats (D:1)
  5 endoplasms
  4 giant cockroaches
  4 goblins
  7 hobgoblins
  5 jackals
  8 kobolds
  2 quokkas
  2 frilled lizards
  2 rats (D:1)
56 creatures vanquished.

Notes
Turn   | Place    | Note
-------+----------+-------------------------------------------
     0 | D:1      | Dirtsage the Demonspawn Monk began the quest for the Orb.
     0 | D:1      | Reached XP level 1. HP: 18/18 MP: 1/1
    49 | D:1      | Reached skill level 3 in Long Blades
    55 | D:1      | Gained mutation: You are partially covered in sharp spines.
                  | [demonic ancestry]
    55 | D:1      | Reached XP level 2. HP: 10/24 MP: 2/2
   290 | D:1      | Reached XP level 3. HP: 16/29 MP: 3/3
   359 | D:1      | Found a faded altar of an unknown god.
   490 | D:1      | Reached skill level 4 in Long Blades
   611 | D:2      | Noticed Jessica
   613 | D:2      | Killed Jessica
   614 | D:2      | Gained mutation: You regenerate magic rapidly. [demonic
                  | ancestry]
   614 | D:2      | Reached XP level 4. HP: 31/35 MP: 4/4
   871 | D:2      | Found a runed translucent door.
   872 | D:2      | Noticed Crazy Yiuf
   910 | D:2      | Noticed Terence
   916 | D:2      | Killed Terence
   917 | D:2      | Reached skill level 5 in Long Blades
  1114 | D:2      | Killed Crazy Yiuf
  1115 | D:2      | Gained mutation: You are mostly covered in sharp spines.
                  | [demonic ancestry]
  1115 | D:2      | Reached XP level 5. HP: 20/41 MP: 5/5
  1231 | D:3      | Noticed a fire elemental
  1231 | D:3      | Noticed a water elemental
  1231 | D:3      | Found a stormy altar of Qazlal.
  1247 | D:3      | Noticed an air elemental
  1908 | D:4      | Noticed Ijyb
  1908 | D:4      | Noticed a phantom
  1922 | D:3      | Paralysed by Ijyb for 2 turns
  1923 | D:3      | Killed Ijyb
  2004 | D:4      | Noticed a phantom
  2015 | D:4      | Killed a phantom
  2016 | D:4      | Reached skill level 6 in Long Blades
  2016 | D:4      | Reached XP level 6. HP: 32/47 MP: 6/6
  2022 | D:4      | Quit the game

Illustrated notes

Levels and vault maps discovered:
D:1:      mushboom_english_gardens, layout_rooms,
          hellmonk_ecumenical_altar_arch_garden, feat_on_display
D:2:      layout_basic, uniq_terence, uniq_jessica, uniq_crazy_yiuf_cottage
D:3:      layout_basic, nicolae_qazlal_style_of_elements,
          wander_ebering_terrifying_dragon_lair
D:4:      layout_basic, lemuel_doored_altar, ashenzari_altar_1,
          old_standard_altar, uniq_ijyb, uniq_sigmund, uniq_eustachio

Skill      XL: |  1  2  3  4  5 |
---------------+----------------+-----
Long Blades    | 3 4 5 6 |  6.2
Fighting       | |  3.0
Dodging        | |  2.6

Action                     |  1- 3 |  4- 6 || total
---------------------------+-------+-------++-------
  Melee: Falchion          |    28 |       ||    28
         Long sword        |    33 |    55 ||    88
 Armour: Robe              |    26 |       ||    26
         Ring mail         |    10 |    30 ||    40
  Dodge: Dodged            |    40 |    31 ||    71

Table legend: (Time is in decaauts)
 A = Elapsed time spent in this place.
 B = Non-inter-level travel time spent in this place.
 C = Inter-level travel time spent in this place.
 D = Time resting spent in this place.
 E = Time spent auto-exploring this place.
 F = Levels seen in this place.
 G = Mean time per level.
                   A        B        C        D        E       F      G
               +--------+--------+--------+--------+--------+-----+--------+
         Total |   2039 |   1943 |     96 |      0 |   1631 |   4 |  509.8 |
       Dungeon |   2039 |   1943 |     96 |      0 |   1631 |   4 |  509.8 |
               +--------+--------+--------+--------+--------+-----+--------+

Top non-repeatable levels by time:
     D:3: 719 daAuts
     D:2: 638 daAuts
     D:1: 606 daAuts
     D:4: 75 daAuts
